 Dungeon Crawl Stone Soup version 0.17.0-18-gaab0e96 (console) character file.

123 gw the Magician (level 4, -1/33 HPs)
             Began as a Mummy Ice Elementalist on Nov 11, 2015.
             Was an Initiate of Yredelemnul.
             Slain by andrew's ghost (10 damage)
             ... on level 3 of the Dungeon.
             The game lasted 00:02:47 (4501 turns).

gw the Magician (Mummy Ice Elementalist)            Turns: 4501, Time: 00:02:47

Health: -1/33      AC:  4    Str: 11    XL:     4   Next: 79%
Magic:  0/8        EV: 11    Int: 15    God:    Yredelemnul [......]
Gold:   59         SH:  0    Dex: 12    Spells: 3 memorised, 3 levels left

rFire  x . .     SeeInvis .     b - +0 mace
rCold  + . .     Clarity  .     e - +0 leather armour
rNeg   + + +     SustAt   .     (no shield)
rPois  ∞         Gourm    .     a - +0 helmet
rElec  .         Spirit   .     (no cloak)
rCorr  .         Warding  .     (no gloves)
rMut   .         Stasis   .     (no boots)
MR     .....                    (no amulet)
Stlth  +.........               (no ring)
                                (no ring)

@: very slightly contaminated, not resistant to hostile enchantments, very
unstealthy
A: no food or potions, fire vulnerability, cold resistance 1, negative energy
resistance 3, torment resistance, unbreathing
a: Renounce Religion


You were on level 3 of the Dungeon.
You worshipped Yredelemnul.
Yredelemnul was noncommittal.
You were not hungry.

You visited 1 branch of the dungeon, and saw 3 of its levels.

You collected 59 gold pieces.

Inventory:

Hand Weapons
 b - a +0 mace (weapon)
Missiles
 c - 127 stones (quivered)
 f - 6 poisoned needles
Armour
 a - a +0 helmet (worn)
 e - a +0 leather armour (worn)
Books
 d - a book of Frost

   Spells                             Type                      Level
   a - Freeze                         Ice                          1
   b - Throw Frost                    Conjuration/Ice              2
   c - Ozocubu's Armour               Charms/Ice                   3
   d - Throw Icicle                   Conjuration/Ice              4
   e - Summon Ice Beast               Ice/Summoning                4
   f - Condensation Shield            Ice                          4


   Skills:
 + Level 1.7 Fighting
 + Level 1.0 Maces & Flails
 + Level 1.4 Armour
 - Level 1.5 Dodging
 - Level 1.5 Stealth
 + Level 3.0 Spellcasting
 - Level 0.7 Conjurations
 * Level 2.9 Ice Magic
 + Level 0.0 Invocations


You had 3 spell levels left.
You knew the following spells:

 Your Spells              Type           Power        Failure   Level  Hunger
a - Freeze                Ice            ##..         10%         1    N/A
b - Throw Frost           Conj/Ice       #.....       21%         2    N/A
c - Ozocubu's Armour      Chrm/Ice       #.......     47%         3    N/A

Dungeon Overview and Level Annotations

Branches:
Dungeon (3/15)

Altars:
Ashenzari
Yredelemnul

Annotations:
D:3 andrew's ghost, amateur CeGl


Innate Abilities, Weirdness & Mutations

You do not eat or drink.
Your flesh is vulnerable to fire.
You are immune to poison.
Your flesh is cold resistant.
You are immune to negative energy.
You are immune to unholy pain and torment.
You can survive without breathing.


Message History

Unknown command.
Unknown command.
Unknown command.
FLEEEEING!
ATTACKING (-1,0)
You hit andrew's ghost but do no damage.
Andrew's ghost is lightly damaged.
Andrew's ghost hits you.
Unknown command.
Unknown command.
Unknown command.
Unknown command.
FLEEEEING!
ATTACKING (-1,0)
You hit andrew's ghost but do no damage.
Andrew's ghost is lightly damaged.
Andrew's ghost hits you but does no damage.
Andrew's ghost hits you!
You die...
Yredelemnul claims you as an undead slave.

##.#......... #..........#
?..#..!....# ............
##...>...# # #..........#
#.##.##.#.# #[###...####
#.##)##.#.##### #.###...#
#...!.).......### .....#
#..#.##.#....... ####..####
#.....#.#####.####### #......
#.............WM....# ##.####
###....######..#####.# #.#
......## #..# #.#######.####
###.### #..#####.............
#.# #.................###
#.##########.################
#............# ##############


You could see andrew's ghost.

Table legend:
 A = Turns spent in this place as a percentage of turns spent in the entire game.
 B = Non-inter-level travel turns spent in this place as a percentage of non-inter-level travel turns spent in the entire game.
 C = Inter-level travel turns spent in this place as a percentage of turns spent in this place.
 D = Turns resting spent in this place as a percentage of non-inter-level travel turns spent in this place.
 E = Turns spent auto-exploring this place as a percentage of non-inter-level travel turns spent in this place.
 F = Non-inter-level travel turns spent in this place divided by the number of levels of this place that you've seen.
                   A       B       C       D       E      F
               +-------+-------+-------+-------+-------+----------------------
         Total | 100.0 | 100.0 |   0.1 |   2.9 |   2.5 | 1305.3
       Dungeon | 100.0 | 100.0 |   0.1 |   2.9 |   2.5 | 1305.3
               +-------+-------+-------+-------+-------+----------------------

Table legend:
 A = Kills in this place as a percentage of kills in entire the game.
 B = Kills by you in this place as a percentage of kills by you in the entire game.
 C = Kills by friends in this place as a percentage of kills by friends in the entire game.
 D = Other kills in this place as a percentage of other kills in the entire game.
 E = Experience gained in this place as a percentage of experience gained in the entire game.
 F = Experience gained in this place divided by the number of levels of this place that you have seen.
                   A       B       C       D       E      F
               +-------+-------+-------+-------+-------+----------------------
         Total | 100.0 | 100.0 |  -nan |  -nan | 100.0 |  58.7
       Dungeon | 100.0 | 100.0 |  -nan |  -nan | 100.0 |  58.7
               +-------+-------+-------+-------+-------+----------------------

Vanquished Creatures
  Robin (D:2)
  4 adders
  2 oozes
  2 worms (D:2)
  2 ball pythons
  7 bats
  6 giant cockroaches
  7 hobgoblins
  6 kobolds
  A quokka (D:3)
  A giant newt (D:2)
  15 goblins
  6 rats
60 creatures vanquished.

Notes
Turn   | Place    | Note
--------------------------------------------------------------
     0 | D:1      | gw the Mummy Ice Elementalist began the quest for the Orb.
     0 | D:1      | Reached XP level 1. HP: 13/13 MP: 3/3
   431 | D:1      | Reached XP level 2. HP: 20/20 MP: 0/5
   486 | D:1      | Learned a level 2 spell: Throw Frost
  1037 | D:1      | Reached skill level 1 in Armour
  1429 | D:1      | Reached XP level 3. HP: 25/25 MP: 3/6
  1463 | D:1      | Learned a level 3 spell: Ozocubu's Armour
  1941 | D:2      | Reached skill level 1 in Fighting
  2906 | D:2      | Noticed Robin
  2939 | D:2      | Reached XP level 4. HP: 27/32 MP: 0/8
  2947 | D:2      | Killed Robin
  3462 | D:2      | Reached skill level 3 in Spellcasting
  3979 | D:3      | Found a basalt altar of Yredelemnul.
  3985 | D:3      | Became a worshipper of Yredelemnul the Dark
  4015 | D:3      | Reached skill level 1 in Maces & Flails
  4271 | D:3      | Found a shattered altar of Ashenzari.
  4495 | D:3      | Noticed andrew's ghost (amateur CeGl)
  4501 | D:3      | Slain by andrew's ghost

Action                   |  1- 3 |  4- 6 || total
-------------------------+-------+-------++-------
Melee: Club              |    23 |       ||    23
       Mace              |    18 |    20 ||    38
Throw: Stone             |    83 |     4 ||    87
 Cast: Freeze            |    42 |    15 ||    57
       Throw Frost       |    37 |    12 ||    49

Vault maps used:
D:1:      minmay_arrival_split_and_join
D:2:      uniq_robin
D:3:      yredelemnul_altar_generic, evilmike_ruin_ashenzari
